 Dungeon Crawl Stone Soup version 0.32-a0-868-g153ae1a8d6 (webtiles) character file.

Game seed: 10245662279490885665

34678 ezpacito the Cleaver (level 13, -11/111 HPs)
             Began as a Coglin Chaos Knight on Mar 28, 2024.
             Was a Plaything of Xom.
             Killed from afar by a lightning spire (16 damage)
             ... with a bolt of electricity
             ... in a Gauntlet.
             The game lasted 00:18:11 (10202 turns).

ezpacito the Cleaver (Coglin Chaos Knight)         Turns: 10202, Time: 00:18:12

Health: -11/111    AC: 18    Str: 22    XL:     13   Next: 79%
Magic:  20/20      EV: 17    Int: 16    God:    Xom [.....*]
Gold:   449        SH:  4    Dex: 22    Spells: 4/22 levels left

rFire   + + .        H - +2 broad axe (flame) {Paloma}
rCold   + . .        u - +8 rapier "Conservator" {speed, rF+ Int+3 Dex+4}
rNeg    . . .        A - +2 swamp dragon scales
rPois   +            x - +1 helmet
rElec   .            h - scarf {+Inv}
rCorr   .            (no gloves)
SInv    .            y - +1 pair of boots
Will    +....        (amulet unavailable)
Stlth   ++++         (ring unavailable)
HPRegen 0.38/turn    (ring unavailable)
MPRegen 0.17/turn    (no gizmo)

%: no teleportation, clarity
@: revved
A: off-hand wielding, slow wielding, warmup strikes, no jewellery, iridescent
scales 1, large bone plates 1, thin skeletal structure 1, agile 1, clarity,
clever 1, cold resistance 1, fire resistance 1, strong-willed 1, mutation
resistance 2, robust 1, strong 2, wild magic 1, sturdy frame 1
a: Invent Gizmo, Renounce Religion, Evoke Invisibility


You were in a Gauntlet.
You worshipped Xom.
You were Xom's teddy bear.
You visited 2 branches of the dungeon, and saw 12 of its levels.
You also visited: Ossuary and Gauntlet.

You collected 991 gold pieces.
You spent 542 gold pieces at shops.

Inventory:

Hand Weapons
 a - a +0 hand axe of chaos {Hugo}
 i - a +5 morningstar
 l - a +0 antimagic morningstar
 n - a +0 trident {Lufti}
 u - the +8 rapier "Conservator" (offhand) {speed, rF+ Int+3 Dex+4}
   (You found it on level 6 of the Dungeon)

   Int+3:     It affects your intelligence (+3).
   Dex+4:     It affects your dexterity (+4).
   rF+:       It protects you from fire.
 E - a +0 war axe
 F - a +0 demon whip of venom
 H - a +2 broad axe of flaming (weapon) {Paloma}
Missiles
 c - 15 poisoned darts (quivered)
 f - a curare-tipped dart
 g - a boomerang
 C - 7 javelins
 G - a throwing net
Armour
 h - a scarf of invisibility (worn)
 s - a +0 troll leather armour
 x - a +1 helmet (worn)
 y - a +1 pair of boots (worn)
 A - +2 swamp dragon scales (worn)
Wands
 p - a wand of flame (50)
 z - a wand of mindburst (5)
 D - a wand of acid (3)
Scrolls
 b - a scroll of noise
 d - 4 scrolls of fog
 m - 3 scrolls of revelation
 v - 2 scrolls of vulnerability
 B - a scroll of blinking
Potions
 e - 3 potions of magic
 k - 2 potions of lignification
 o - a potion of attraction
 t - 3 potions of enlightenment
 w - 3 potions of mutation


   Skills:
 * Level 9.6 Fighting
 * Level 9.6(10.4) Axes
 + Level 5.8(8.1) Polearms
 * Level 8.5 Armour
 * Level 8.3 Dodging
 + Level 5.9 Stealth
 - Level 2.7 Unarmed Combat
 + Level 5.2 Spellcasting
 - Level 1.5 Conjurations
 + Level 3.2 Summonings
 + Level 3.2 Translocations
 - Level 1.3 Fire Magic
 - Level 1.4 Ice Magic
 - Level 1.3 Air Magic
 + Level 3.6 Alchemy
 + Level 7.7 Evocations


You had 4 spell levels left.
You knew the following spells:

 Your Spells              Type           Power      Damage    Failure   Level
a - Mercury Vapours       Alch/Air       30%        N/A       14%         2
b - Summon Blazeheart Go  Fire/Summ      14%        N/A       67%         4
c - Freezing Cloud        Conj/Ice/Air   5%         6-21      98%         5
d - Blink                 Tloc           36%        N/A       12%         2
e - Freeze                Ice            44%        1d6       16%         1
f - Magic Dart            Conj           44%        1d5       14%         1
x - Mephitic Cloud        Conj/Alch/Air  14%        N/A       30%         3

Your spell library contained the following spells:

 Spells                   Type           Power      Damage    Failure   Level
 Summon Small Mammal      Summ           72%        N/A       8%          1
 Call Imp                 Summ           36%        N/A       12%         2
 Lesser Beckoning         Tloc           36%        N/A       12%         2
 Momentum Strike          Conj/Tloc      30%        3d8       16%         2
 Call Canine Familiar     Summ           18%        N/A       21%         3
 Teleport Other           Tloc           18%        N/A       21%         3
 Frozen Ramparts          Ice            22%        1d4       38%         3
 Hailstorm                Conj/Ice       11%        3d6       38%         3
 Maxwell's Portable Pile  Tloc           18%        2d(8-15)  52%         4
 Sigil of Binding         Hex            5%         N/A       58%         3
 Dimensional Bullseye     Hex/Tloc       6%         N/A       75%         4


Dungeon Overview and Level Annotations

Branches:
Dungeon (11/15)            Temple (1/1) D:7            Lair (0/5) D:9
Ossuary (visited)         Gauntlet (1/1)
    Orc: D:9-12

Altars:
Ashenzari
Cheibriados
Dithmenos
Elyvilon
Fedhas
Gozag
Hepliaklqana
Kikubaaqudgha
Makhleb
Nemelex Xobeh
Okawaru
Qazlal
Ru
Sif Muna
Trog
Uskayaw
Vehumet
Wu Jian
Xom
Yredelemnul
Zin
The Shining One

Shops:
D:1 *   D:3 *   D:4 =

Annotations:
Gauntlet 9 transporters, exclusion: lightning spire


Innate Abilities, Weirdness & Mutations

You can wield a second weapon in your off-hand.
It takes a long time for you to wield or remove held weapons.
Your first few attacks do less damage.
You cannot equip rings or amulets.
You are partially covered in iridescent scales. (AC +2)
You are partially covered in large bone plates. (SH +4)
You have a somewhat thin skeletal structure. (Dex +2, Stealth+)
You are agile. (Dex +4, Str/Int -1)
You possess an exceptional clarity of mind.
Your mind is acute. (Int +4, Str/Dex -1)
Your flesh is cold resistant. (rC+)
Your flesh is heat resistant. (rF+)
You are strong-willed. (Will+)
You are somewhat resistant to both further mutation and mutation removal.
You are robust. (+10% HP)
Your muscles are very strong. (Str +8, Int/Dex -2)
Your spells are a little harder to cast, but a little more powerful.
Your movements are slightly less encumbered by armour. (ER -2)


Message History

The lightning spire shoots out a bolt of lightning at you!
The bolt of electricity misses you. x2
You slash the lightning spire with your +2 broad axe of flaming!
The lightning spire is lightly damaged.
You hit the lightning spire with the +8 rapier "Conservator".
The lightning spire shoots out a bolt of lightning at you!
The bolt of electricity misses you. The bolt of electricity hits you!
You take 16 damage, and have 88/111 hp.
You hit the lightning spire but do no damage.
The lightning spire is lightly damaged.
You puncture the lightning spire with the +8 rapier "Conservator"!
The lightning spire shoots out a bolt of lightning at you!
The bolt of electricity hits you! The bolt of electricity misses you.
You take 13 damage, and have 75/111 hp.
You hit the lightning spire with your +2 broad axe of flaming.
The lightning spire is moderately damaged.
You barely miss the lightning spire with the +8 rapier "Conservator".
You hit the lightning spire but do no damage.
The lightning spire is moderately damaged.
You hit the lightning spire but do no damage.
The lightning spire shoots out a bolt of lightning at you!
The bolt of electricity hits you but does no damage.
The bolt of electricity hits you!!
You take 18 damage, and have 58/111 hp.
You hit the lightning spire but do no damage.
The lightning spire is moderately damaged.
You hit the lightning spire but do no damage.
The lightning spire shoots out a bolt of lightning at you!
The bolt of electricity hits you!! x2
* * * LOW HITPOINT WARNING * * *
You take 43 damage, and have 15/111 hp.
MASSIVE DAMAGE!!
You slash the lightning spire with your +2 broad axe of flaming!
The lightning spire is heavily damaged.
You puncture the lightning spire with the +8 rapier "Conservator"!
The lightning spire shoots out a bolt of lightning at you!
The bolt of electricity hits you!
* * * LOW HITPOINT WARNING * * *
The bolt of electricity hits you!
You die...
Xom is highly amused!

##≈###..####©####.≈##
#≈≈≈#...#########.≈≈#
##...#...#ß..©#....≈##
.....#.ß.#©...#.ß..##
##.ß.#.⌠.#ß..©#....≈##
##.©.#.ß.#########.≈≈#
...ß.#...#©..#...#.≈##
##.©.#...###.#.#.#.##
##.ß.#.ß.#...#.#@#.≈##
...©.#.∩.#.###.#I#.≈≈#
##.ß.#.ß.#.#...#.#.≈##
##.©.#...#'#.###$#.##
...ß.#...#.†.#©.=#.≈##
##.©.#.ß.#########.≈≈#
##.ß.#.⌠.#ß..©#....≈##
.....#.ß.#©...#.ß..##
##...#...#ß..©#....≈##


You could see a lightning spire.

Vanquished Creatures
  A centaur warrior (D:10)
  2 two-headed ogres
  2 catoblepae (Gauntlet)
  The ghost of Biggs the Skirmisher, a novice CoHu (D:8)
  Urug (D:11)
  Amaemon (D:8)
  An unseen horror (D:11)
  4 gargoyles
  An orange demon (D:8)
  A komodo dragon (D:11)
  Maggie (D:6)
  Prince Ribbit (D:8)
  3 trolls
  2 hornets
  A raiju (Gauntlet)
  A vampire (D:11)
  4 wyverns
  18 yaks
  A shadow (D:9)
  Menkaure (D:7)
  A steam dragon (D:7)
  2 vampire mosquitoes (D:11)
  A water moccasin (D:7)
  5 orc warriors
  2 sky beasts
  2 ice beasts (D:7)
  2 black bears (D:4)
  3 ogres (D:6)
  6 wolves (D:9)
  9 centaurs
  A phantom (D:6)
  Blork the orc (D:4)
  3 kobold brigands
  4 bullfrogs
  A scorpion (D:5)
  13 killer bees
  2 electric eels (D:9)
  A gnoll bouda (D:8)
  4 hounds
  3 orc priests
  2 bombardier beetles
  An iguana (D:6)
  A sleepcap (D:6)
  7 orc wizards
  8 mummies (Ossuary)
  17 gnolls
  8 adders
  A shadow imp (D:6)
  3 white imps
  2 ufetubi (D:7)
  3 dart slugs
  4 ribbon worms
  24 orcs
  5 ball pythons
  5 endoplasms
  2 giant cockroaches (D:4)
  2 gnoll zombies (Ossuary)
  7 goblins
  4 hobgoblins
  A jackal (D:7)
  4 quokkas
  6 bats
  A frilled lizard (D:3)
  A hobgoblin zombie (Ossuary)
  11 kobolds
  A kobold zombie (Ossuary)
  4 orc zombies (Ossuary)
  A quokka zombie (D:6)
  7 rats
  A rat zombie (D:6)
258 creatures vanquished.

Vanquished Creatures (collateral kills)
  A yak (D:9)
  An ogre (D:5)
  An electric eel (D:9)
  An orc priest (D:9)
  An orc (D:9)
5 creatures vanquished.

Vanquished Creatures (others)
  An orc (D:9)
1 creature vanquished.

Grand Total: 264 creatures vanquished

Notes
Turn   | Place    | Note
-------+----------+-------------------------------------------
     0 | D:1      | ezpacito the Coglin Chaos Knight began the quest for the
                  | Orb.
     0 | D:1      | Reached XP level 1. HP: 18/18 MP: 1/1
    63 | D:1      | Found Peawniaj's General Store.
   174 | D:1      | Reached skill level 1 in Dodging
   282 | D:1      | Reached XP level 2. HP: 24/24 MP: 2/2
   294 | D:1      | Reached XP level 3. HP: 18/29 MP: 3/3
   590 | D:1      | Bought a scroll of identify for 24 gold pieces
   709 | D:2      | Found a shimmering blue altar of Sif Muna.
  1020 | D:2      | XOM: silly message
  1032 | D:2      | XOM: silly message
  1150 | D:2      | XOM: divination: magic mapping
  1162 | D:2      | Reached XP level 4. HP: 26/35 MP: 4/4
  1311 | D:2      | XOM: silly message
  1413 | D:2      | XOM: silly message
  1526 | D:3      | Found a shimmering blue altar of Sif Muna.
  1623 | D:3      | XOM: confusion
  1645 | D:3      | Reached XP level 5. HP: 7/41 MP: 6/6
  1658 | D:3      | XOM: divination: detect creatures
  1694 | D:3      | XOM: silly message
  1720 | D:3      | XOM: give mutations
  1720 | D:3      | Gained mutation: You are agile. (Dex +4, Str/Int -1) [Xom's
                  | grace]
  1720 | D:3      | Gained mutation: You are partially covered in iridescent
                  | scales. (AC +2) [Xom's grace]
  1720 | D:3      | Gained mutation: You are strong-willed. (Will+) [Xom's
                  | grace]
  1767 | D:3      | XOM: cloud trail
  1943 | D:3      | Reached skill level 1 in Polearms
  1958 | D:3      | Reached skill level 1 in Stealth
  2034 | D:3      | Found Womequt's General Store.
  2041 | D:3      | Bought a scroll of identify for 28 gold pieces
  2134 | D:3      | Found a basalt altar of Yredelemnul.
  2215 | D:3      | Found an opulent altar of Gozag.
  2417 | D:3      | Reached skill level 1 in Spellcasting
  2570 | D:4      | Found a broken altar of Ashenzari.
  2572 | D:4      | Noticed Blork the orc
  2588 | D:4      | Killed Blork the orc
  2589 | D:4      | Reached XP level 6. HP: 10/48 MP: 7/7
  2885 | D:4      | Found a stormy altar of Qazlal.
  2887 | D:4      | Found a bloodstained altar of Trog.
  2904 | D:4      | Noticed a black bear
  2915 | D:4      | Killed a black bear
  3014 | D:4      | XOM: summons 4 hostile demons
  3148 | D:4      | XOM: god gift: pair of embroidered boots {god gift}
  3511 | D:4      | Found an ornate altar of the Wu Jian Council.
  3571 | D:4      | Found Yninn's Jewellery Shop.
  3582 | D:4      | Noticed a black bear
  3590 | D:4      | Killed a black bear
  3591 | D:4      | Reached XP level 7. HP: 52/54 MP: 7/9
  3684 | D:5      | Entered Level 5 of the Dungeon
  3698 | D:5      | XOM: summons 7 friendly demons
  3868 | D:5      | XOM: polymorph adder -> endoplasm
  3947 | D:5      | XOM: 3-stop teleportation journey
  4259 | D:5      | Found a sacrificial altar of Ru.
  4376 | D:5      | Found a hazy altar of Hepliaklqana.
  4599 | D:6      | Found a sand-covered staircase.
  4608 | Ossuary  | Entered an ossuary
  4628 | Ossuary  | XOM: god gift: scroll labelled GIS CONNOE {god gift}
  4659 | Ossuary  | Reached XP level 8. HP: 59/61 MP: 10/10
  4666 | Ossuary  | Reached skill level 1 in Evocations
  4881 | D:6      | XOM: confuse monster(s)
  4917 | D:6      | Noticed Maggie
  4923 | D:6      | XOM: cast spell 'Summon Cactus Giant'
  4936 | D:6      | Killed Maggie
  4937 | D:6      | Reached skill level 5 in Fighting
  4937 | D:6      | Reached skill level 5 in Axes
  5047 | D:6      | Found a sparkling altar of Nemelex Xobeh.
  5075 | D:6      | Found a blossoming altar of Fedhas.
  5093 | D:6      | XOM: divination: magic mapping
  5209 | D:6      | Reached XP level 9. HP: 51/68 MP: 12/12
  5377 | D:6      | Found a burning altar of Makhleb.
  5377 | D:6      | Found a glowing golden altar of the Shining One.
  5494 | D:6      | XOM: god gift: coral ring {god gift}
  5586 | D:6      | Identified the +8 rapier "Conservator" {speed, rF+ Int+3
                  | Dex+4}
  5744 | D:6      | Reached skill level 5 in Evocations
  5744 | D:6      | Reached XP level 10. HP: 79/79 MP: 12/15
  5745 | D:6      | Reached XP level 11. HP: 86/86 MP: 12/17
  5840 | D:7      | Found a staircase to the Ecumenical Temple.
  5853 | D:7      | XOM: snakes to sticks
  5857 | Temple   | Entered the Ecumenical Temple
  5893 | D:7      | XOM: polymorph steam dragon -> jackal
  5952 | D:7      | Learned a level 2 spell: Mercury Vapours
  5956 | D:7      | Learned a level 3 spell: Mephitic Cloud
  5961 | D:7      | Learned a level 4 spell: Summon Blazeheart Golem
  5967 | D:7      | Learned a level 5 spell: Freezing Cloud
  5970 | D:7      | Learned a level 2 spell: Blink
  5972 | D:7      | Learned a level 1 spell: Freeze
  5974 | D:7      | Learned a level 1 spell: Magic Dart
  6067 | D:7      | Noticed Menkaure
  6071 | D:7      | Killed Menkaure
  6160 | D:7      | XOM: god gift: giant club {god gift}
  6200 | D:7      | XOM: confuse monster(s)
  6343 | D:7      | Reached skill level 5 in Stealth
  6456 | D:7      | Reached skill level 5 in Polearms
  6545 | D:8      | Noticed Prince Ribbit
  6553 | D:8      | Killed Prince Ribbit
  6576 | D:8      | Noticed a two-headed ogre
  6579 | D:8      | Noticed Amaemon
  6692 | D:8      | XOM: potion effect (haste)
  6694 | D:8      | Killed Amaemon
  6695 | D:8      | Reached skill level 1 in Alchemy
  6700 | D:8      | Killed a two-headed ogre
  6750 | D:8      | Reached skill level 1 in Translocations
  6760 | D:8      | Reached skill level 1 in Summonings
  6819 | D:8      | Found a hide-covered altar of Uskayaw.
  7126 | D:8      | Found a large runed translucent door.
  7126 | D:8      | Found a large runed translucent door.
  7128 | D:8      | Noticed Biggs's ghost (novice CoHu)
  7144 | D:8      | Killed Biggs's ghost
  7350 | D:9      | XOM: give mutations
  7350 | D:9      | Gained mutation: You have a somewhat thin skeletal
                  | structure. (Dex +2, Stealth+) [Xom's grace]
  7350 | D:9      | Gained mutation: Your flesh is heat resistant. (rF+) [Xom's
                  | grace]
  7350 | D:9      | Gained mutation: You possess an exceptional clarity of
                  | mind. [Xom's grace]
  7350 | D:9      | Gained mutation: Your muscles are strong. (Str +4, Int/Dex
                  | -1) [Xom's grace]
  7360 | D:9      | Found an iron altar of Okawaru.
  7399 | D:9      | Found a staircase to the Lair.
  7404 | D:9      | XOM: summons 9 friendly demons
  7418 | D:9      | Reached XP level 12. HP: 59/94 MP: 19/19
  7976 | D:9      | Noticed a two-headed ogre
  7985 | D:9      | Killed a two-headed ogre
  8269 | D:9      | XOM: cloud trail
  8541 | D:3      | XOM: give mutations
  8541 | D:3      | Gained mutation: Your spells are a little harder to cast,
                  | but a little more powerful. [Xom's grace]
  8541 | D:3      | Gained mutation: Your muscles are very strong. (Str +8,
                  | Int/Dex -2) [Xom's grace]
  8592 | D:3      | Bought a scroll of enchant armour for 105 gold pieces
  8592 | D:3      | Bought 2 potions of haste for 280 gold pieces
  8592 | D:3      | Bought a scroll of blinking for 105 gold pieces
  8716 | D:7      | XOM: give mutations
  8716 | D:7      | Gained mutation: You are robust. (+10% HP) [Xom's grace]
  8716 | D:7      | Gained mutation: Your movements are slightly less
                  | encumbered by armour. (ER -2) [Xom's grace]
  8716 | D:7      | Gained mutation: You are somewhat resistant to further
                  | mutation. [Xom's grace]
  8804 | D:10     | Entered Level 10 of the Dungeon
  8841 | D:10     | XOM: give mutations
  8841 | D:10     | Gained mutation: You are partially covered in large bone
                  | plates. (SH +4) [Xom's grace]
  8841 | D:10     | Gained mutation: Your mind is acute. (Int +4, Str/Dex -1)
                  | [Xom's grace]
  8841 | D:10     | Gained mutation: Your flesh is cold resistant. (rC+) [Xom's
                  | grace]
  8917 | D:10     | XOM is BORED!
  8961 | D:10     | Noticed a centaur warrior
  8962 | D:10     | XOM: scenery: create altars
  8967 | D:10     | Found a white marble altar of Elyvilon.
  8967 | D:10     | XOM: 4-stop teleportation journey
  9058 | D:10     | XOM: scenery: 2 doors close
  9126 | D:10     | Killed a centaur warrior
  9263 | D:10     | XOM: scenery: 2 doors close
  9359 | D:11     | XOM: scenery: create altars
  9384 | D:11     | Reached skill level 5 in Spellcasting
  9384 | D:11     | Reached skill level 1 in Conjurations
  9384 | D:11     | Reached skill level 1 in Fire Magic
  9384 | D:11     | Reached skill level 1 in Ice Magic
  9384 | D:11     | Reached skill level 1 in Air Magic
  9384 | D:11     | Reached XP level 13. HP: 93/111 MP: 20/20
  9509 | D:11     | Noticed Urug
  9514 | D:11     | Killed Urug
  9560 | D:11     | Found a gate leading to a gauntlet.
  9676 | Gauntlet | Entered a Gauntlet
  9676 | Gauntlet | Found a transporter.
  9687 | Gauntlet | XOM: god gift: 43 gold pieces
  9721 | Gauntlet | Found a runed translucent gate.
  9721 | Gauntlet | Found a runed translucent gate.
  9721 | Gauntlet | Found a runed translucent gate.
  9723 | Gauntlet | Found a transporter.
  9726 | Gauntlet | Found a transporter.
  9727 | Gauntlet | Found a transporter.
  9731 | Gauntlet | Found a runed translucent door.
  9733 | Gauntlet | Found a runed translucent door.
  9735 | Gauntlet | Found a transporter.
  9738 | Gauntlet | Found a transporter.
  9739 | Gauntlet | Found a transporter.
  9747 | Gauntlet | Found a runed translucent door.
  9751 | Gauntlet | Found a transporter.
  9752 | Gauntlet | Found a transporter.
  9755 | Gauntlet | Found a transporter.
  9760 | Gauntlet | Found a transporter.
  9763 | Gauntlet | Found a transporter.
  9764 | Gauntlet | Found a transporter.
  9768 | Gauntlet | Noticed an entropy weaver
  9777 | Gauntlet | Found a transporter.
  9790 | Gauntlet | XOM: summons 7 hostile demons
  9916 | Gauntlet | XOM: god gift: potion of ambrosia
 10001 | Gauntlet | XOM: potion effect (haste)
 10010 | Gauntlet | XOM: god gift: scroll of enchant armour
 10018 | Gauntlet | XOM: god gift: scarf of invisibility
 10134 | Gauntlet | XOM: give mutation
 10134 | Gauntlet | Gained mutation: You are somewhat resistant to both further
                  | mutation and mutation removal. [Xom's grace]
 10202 | Gauntlet | HP: 5/111 [lightning spire/bolt of electricity (11)]
 10202 | Gauntlet | Killed from afar by a lightning spire

Illustrated notes

Levels and vault maps discovered:
D:1:      spicycebolla_arrival_risky_transporter, layout_basic, serial_shops,
          nicolae_square_shop, minmay_misc_feat_encased, serial_bayou_pond_b
D:2:      layout_loops_cross, basic_altar
D:3:      layout_loops_ring, mainiacjoe_overflow_catwalk, marbit_many_paths,
          mainiacjoe_overflow_tiny_flanked, serial_shops, shop
D:4:      layout_basic, amcnicky_altar_gilded,
          mainiacjoe_overflow_six_doors_small, nicolae_qazlal_general_emergency,
          lemuel_round_altar, serial_shops, shop, abandoned_shop,
          uniq_blork_the_orc
D:5:      layout_basic, nicolae_ru_path_of_blood, mainiacjoe_overflow_alcove_4,
          blue_anna_alchemist
D:6:      layout_gridville, nemelex_dance_club_becter,
          nicolae_overflow_crystal_walls, grunt_temple_overflow_open,
          enter_ossuary_4, chequers_serial_rivers_micro_c, uniq_maggie
D:7:      layout_gridville, minmay_temple_entry_glass, uniq_menkaure
D:8:      layout_rooms, mainiacjoe_overflow_chevrons,
          ebering_ghost_disaster_area, uniq_amaemon, uniq_prince_ribbit1
D:9:      layout_stronghold, overflow_temple_1_default, erik_lair_island,
          corexii_leaking_fountain
D:10:     layout_roguey, mainiacjoe_overflow_small_starburst, skrybe_limestone_x
D:11:     layout_gridville, gauntlet_entry_generic, uniq_urug
Temple:   hellmonk_temple_micro_hex
Gauntlet: gammafunk_gauntlet_77_escape_option
          [minmay_gauntlet_arena_77_run_for_it,
          minmay_gauntlet_arena_77_cramped, minmay_gauntlet_arena_77_path,
          minmay_gauntlet_arena_77_two_paths, minmay_gauntlet_arena_77_p_blocks,
          gauntlet_exit_green]

Skill      XL: |  1  2  3  4  5  6  7  8  9 10 11 12 13 |
---------------+----------------------------------------+-----
Dodging        | 1 2 3 4 6 7 8 |  8.3
Armour         | 2 3 4 6 7 8 |  8.5
Polearms       | 1 2 4 5 |  5.8
Stealth        | 1 2 4 5 |  5.9
Spellcasting   | 1 2 3 4 5 |  5.2
Fighting       | 4 5 7 8 9 |  9.6
Axes           | 4 5 7 8 9 |  9.6
Evocations     | 2 5 6 7 |  7.7
Unarmed Combat | 2 |  2.7
Alchemy        | 2 3 |  3.6
Translocations | 1 2 3 |  3.2
Summonings     | 1 2 3 |  3.2
Conjurations   | 1 |  1.5
Fire Magic     | 1 |  1.3
Ice Magic      | 1 |  1.4
Air Magic      | 1 |  1.3

Action                     |  1- 3 |  4- 6 |  7- 9 | 10-12 | 13-15 || total
---------------------------+-------+-------+-------+-------+-------++-------
  Melee: Hand axe          |    60 |    93 |   142 |       |       ||   295
         Spear             |    64 |    80 |       |       |       ||   144
         Dagger            |     4 |       |       |       |       ||     4
         Trident           |       |    39 |   173 |       |       ||   212
         Broad axe         |       |       |       |   185 |    89 ||   274
         Rapier            |       |       |       |   177 |    89 ||   266
  Throw: Dart              |       |     4 |       |       |       ||     4
  Evoke: Wand              |       |       |       |    12 |     8 ||    20
    Use: Potion            |     1 |     6 |     6 |     7 |     6 ||    26
         Scroll            |     1 |     9 |     5 |    11 |     3 ||    29
   Stab: Sleeping          |       |     8 |     5 |     8 |       ||    21
         Confused          |       |     1 |       |     3 |       ||     4
         Paralysed         |       |       |     1 |       |       ||     1
         Held in net/web   |       |       |     1 |       |       ||     1
 Armour: Leather armour    |    42 |   107 |    18 |       |       ||   167
         Troll leather arm |       |       |    76 |    44 |       ||   120
         Swamp dragon scal |       |       |       |    91 |   111 ||   202
  Dodge: Dodged            |    47 |    80 |    98 |   158 |   120 ||   503
  Block: Other             |       |       |       |     6 |    20 ||    26

Table legend: (Time is in decaauts)
 A = Elapsed time spent in this place.
 B = Non-inter-level travel time spent in this place.
 C = Inter-level travel time spent in this place.
 D = Time resting spent in this place.
 E = Time spent auto-exploring this place.
 F = Levels seen in this place.
 G = Mean time per level.
                   A        B        C        D        E       F      G
               +--------+--------+--------+--------+--------+-----+--------+
         Total |  10109 |   9303 |    806 |    365 |   6824 |  14 |  722.1 |
       Dungeon |   9373 |   8567 |    806 |    178 |   6556 |  11 |  852.1 |
        Temple |      1 |      1 |      0 |      0 |      0 |   1 |    1.0 |
       Ossuary |    228 |    228 |      0 |      0 |    113 |   1 |  228.0 |
      Gauntlet |    505 |    505 |      0 |    187 |    155 |   1 |  505.0 |
               +--------+--------+--------+--------+--------+-----+--------+

Top non-repeatable levels by time:
     D:4: 1235 daAuts
     D:9: 1231 daAuts
     D:3: 1133 daAuts
     D:6: 1100 daAuts
     D:5: 917 daAuts
     D:2: 863 daAuts
     D:7: 802 daAuts
     D:8: 652 daAuts
     D:1: 600 daAuts
    D:10: 517 daAuts
Gauntlet: 505 daAuts
    D:11: 319 daAuts
 Ossuary: 228 daAuts
  Temple: 1 daAuts
